 Dungeon Crawl Stone Soup version 0.29-a0-997-gf6f7e2dfe7 (webtiles) character file.

Game seed: 11488989172889556743

1298 avis the Chiller (level 8, 0/67 HPs)
             Began as a Demigod Ice Elementalist on Aug 4, 2022.
             Splashed by a jelly's acid (8 damage)
             ... on level 6 of the Dungeon.
             The game lasted 00:31:31 (7111 turns).

avis the Chiller (Demigod Ice Elementalist)         Turns: 7111, Time: 00:31:32

Health: 0/67       AC: -2    Str:  9    XL:     8   Next: 9%
Magic:  11/17      EV: 14    Int: 17    God:
Gold:   237        SH:  0    Dex: 22    Spells: 3/15 levels left

rFire   . . .      SeeInvis .   b - +4 spear
rCold   . . .      Faith    .   (no shield)
rNeg    . . .      Spirit   .   k - +0 robe
rPois   .          Reflect  .   (no helmet)
rElec   .          Harm     .   (no cloak)
rCorr   .          Rampage  .   j - +0 pair of gloves
Will    .....                   (no boots)
Stlth   ++........              (no amulet)
HPRegen 0.21/turn               (no ring)
MPRegen 0.15/turn               (no ring)

@: ice-armoured, corroded, freezing walls
A: high MP 1, forlorn, divine attributes
a: no special abilities


You were on level 6 of the Dungeon.
You visited 1 branch of the dungeon, and saw 6 of its levels.

You collected 237 gold pieces.

Inventory:

Hand Weapons
 a - a +0 sling
 b - a +4 spear (weapon)
 o - a +0 vampiric dagger
 r - a +1 vorpal flail
 v - a +1 dagger of draining
 y - a +0 flail of protection
Missiles
 d - 8 poisoned darts
 e - 3 atropa-tipped darts
 s - a throwing net
Armour
 j - a +0 pair of gloves (worn)
 k - a +0 robe (worn)
Magical Staves
 g - a staff of death
Scrolls
 c - a scroll of fog {unknown}
 f - a scroll of enchant weapon {unknown}
 i - a scroll of brand weapon {unknown}
 p - a scroll of acquirement {unknown}
 q - 4 scrolls of vulnerability {unknown}
 t - 5 scrolls of teleportation {unknown}
 u - a scroll of silence {unknown}
 w - a scroll of identify {unknown}
Potions
 h - a potion of ambrosia {unknown}
 l - a potion of magic
 m - 2 potions of attraction {unknown}
 n - a potion of lignification {unknown}
 x - a potion of degeneration {unknown}
 z - a potion of flight {unknown}


   Skills:
 * Level 4.7 Fighting
 - Level 4.0 Dodging
 - Level 2.0 Stealth
 - Level 4.0 Spellcasting
 - Level 4.0 Transmutations
 - Level 5.0 Ice Magic
 - Level 1.0 Poison Magic


You had 3 spell levels left.
You knew the following spells:

 Your Spells              Type           Power      Damage    Failure   Level
a - Freeze                Ice            80%        1d9       1%          1
e - Wereblood             Tmut           17%        N/A       4%          2
o - Ozocubu's Armour      Ice            20%        N/A       6%          3
p - Spider Form           Tmut/Pois      11%        N/A       17%         3
r - Frozen Ramparts       Ice            40%        1d12      6%          3

Your spell library contained the following spells:

 Spells                   Type           Power      Damage    Failure   Level
 Beastly Appendage        Tmut           34%        N/A       3%          1
 Hailstorm                Conj/Ice       11%        3d5       50%         4
 Animate Dead             Necr           3%         N/A       83%         4
 Haunt                    Necr/Summ      1%         N/A       100%        7
 Infestation              Necr           1%         N/A       100%        8


Dungeon Overview and Level Annotations

Branches:
Dungeon (6/15)
 Temple: D:4-7

Annotations:
D:3 1 runed translucent door, exclusion: door


Innate Abilities, Weirdness & Mutations

You have an increased reservoir of magic. (+10% MP)
You shall have no god before yourself.
Your divine heritage dramatically boosts your attributes as you level up.


Message History

Casting: Spider Form (dangerous; 17% risk of failure)
Confirm with . or Enter, or press ? or * to list all spells.
A film of ice covers your body! The jelly barely misses you.
You hit the jelly. The acid corrodes you!
Your hands burn!
The jelly is lightly wounded.
The jelly closely misses you.
A howler monkey comes into view.
You completely miss the jelly.
The jelly is lightly wounded.
The jelly misses you.
You hit the jelly.
Your hands burn!
The jelly is moderately wounded.
The jelly misses you. The jelly hits you.
You are splashed with acid!
The howler monkey hoots and howls with incredible vigour!
You hear an angry hiss.
You hear a shout! x2
Casting: Ozocubu's Armour (dangerous; 6% risk of failure)
Confirm with . or Enter, or press ? or * to list all spells.
Casting: Frozen Ramparts (dangerous; 6% risk of failure)
Press: ? - help, Dir - look around, f - activate The walls around you are covered in ice.
The wall freezes the howler monkey.
The jelly hits you.
You are splashed with acid!
* * * LOW HITPOINT WARNING * * *
You barely miss the jelly.
The jelly is moderately wounded.
The wall freezes the howler monkey!
The jelly misses you.
You barely miss the jelly.
The jelly is moderately wounded.
The wall freezes the howler monkey.
The howler monkey hits you.
* * * LOW HITPOINT WARNING * * *
The jelly barely misses you.
You hit the jelly but do no damage.
Your hands burn!
* * * LOW HITPOINT WARNING * * *
The jelly is moderately wounded.
The wall freezes the howler monkey!
You kill the howler monkey!
The jelly hits you.
* * * LOW HITPOINT WARNING * * *
The acid corrodes you!
You are splashed with acid!
You die...

.....# .#
##.....##.#
#.......#.#
..........#
..........
.........###.#
#.....J....=.##
#.....@†...... #
#....#.###..##
.# #.##
#.###..### .#
#......... ..#
#......###...##.
#..............#
#.....###.#.....
#..)(.# #.. ###
#.#(### ..#


You could see a jelly.

Vanquished Creatures
  Menkaure (D:5)
  Duvessa (D:4)
  A water moccasin (D:6)
  A black bear (D:6)
  A phantom (D:6)
  A kobold brigand (D:6)
  3 scorpions
  Dowan (D:4)
  2 howler monkeys
  5 hounds
  A jelly (D:5)
  A gnoll bouda (D:5)
  4 adders
  15 gnolls
  A white imp (D:6)
  3 worms (D:3)
  4 dart slugs
  3 orcs
  5 ball pythons
  6 endoplasms
  A giant cockroach (D:3)
  5 goblins
  6 hobgoblins
  5 jackals (D:2)
  2 quokkas
  2 bats
  3 frilled lizards (D:3)
  13 kobolds
  2 rats
99 creatures vanquished.

Notes
Turn   | Place    | Note
-------+----------+-------------------------------------------
     0 | D:1      | avis the Demigod Ice Elementalist began the quest for the
                  | Orb.
     0 | D:1      | Reached XP level 1. HP: 14/14 MP: 5/5
   322 | D:1      | Reached skill level 1 in Fighting
  1604 | D:2      | Reached XP level 2. HP: 14/23 MP: 7/7
  2478 | D:2      | Reached XP level 3. HP: 25/29 MP: 3/8
  2556 | D:2      | Learned a level 3 spell: Ozocubu's Armour
  2615 | D:3      | Reached skill level 4 in Ice Magic
  2810 | D:3      | Reached XP level 4. HP: 34/36 MP: 10/10
  3085 | D:3      | Learned a level 3 spell: Frozen Ramparts
  3088 | D:3      | Learned a level 2 spell: Wereblood
  3633 | D:3      | Found a runed translucent door.
  3781 | D:4      | Noticed Duvessa
  3781 | D:4      | Noticed Dowan
  3789 | D:4      | Killed Duvessa
  3790 | D:4      | Reached XP level 5. HP: 22/45 MP: 6/13
  3946 | D:4      | Killed Dowan
  3947 | D:4      | Reached skill level 1 in Transmutations
  3951 | D:4      | Learned a level 3 spell: Spider Form
  4285 | D:4      | Reached XP level 6. HP: 48/51 MP: 11/15
  5137 | D:5      | Entered Level 5 of the Dungeon
  5143 | D:5      | Reached skill level 5 in Ice Magic
  5457 | D:5      | Noticed Menkaure
  5580 | D:5      | Reached skill level 1 in Poison Magic
  5706 | D:5      | Reached XP level 7. HP: 57/57 MP: 12/16
  6304 | D:5      | HP: 2/57 [Menkaure (7)]
  6314 | D:5      | Killed Menkaure
  6880 | D:6      | Reached XP level 8. HP: 27/67 MP: 5/17
  7111 | D:6      | Splashed by a jelly's acid

Illustrated notes

Levels and vault maps discovered:
D:1:      minmay_arrival_split_and_join, layout_loops_corners
D:2:      layout_loops_ring, hellmonk_ecumenical_altar_prayer_group,
          basic_altar, grunt_decor_mini_mirrors
D:3:      layout_basic, kiku_gazebo_pond_becter, minmay_misc_feat_rows,
          grunt_ministairs_10, uniq_crazy_yiuf_cottage
D:4:      layout_loops_ring, uniq_duvessa
D:5:      layout_cave_pods, uniq_menkaure
D:6:      layout_loops_ring, uniq_pikel

Skill      XL: |  1  2  3  4  5  6  7 |
---------------+----------------------+-----
Fighting       | 1 2 3 4 |  4.7
Dodging        | 2 4 |  4.0
Spellcasting   | 2 3 4 |  4.0
Ice Magic      | 4 5 |  5.0
Transmutations | 1 2 4 |  4.0
Poison Magic   | 1 |  1.0
Stealth        | 2 |  2.0

Action                   |  1- 3 |  4- 6 |  7- 9 || total
-------------------------+-------+-------+-------++-------
Melee: Spear             |    25 |    31 |    41 ||    97
       Unarmed           |       |       |    42 ||    42
       Punch             |       |       |     1 ||     1
 Fire: Sling             |    42 |    71 |    20 ||   133
 Cast: Freeze            |    31 |    22 |     4 ||    57
       Ozocubu's Armour  |     1 |     7 |     7 ||    15
       Frozen Ramparts   |       |     8 |     7 ||    15
       Spider Form       |       |       |     6 ||     6
 Abil: End Transformatio |       |       |     2 ||     2
  Use: Potion            |       |       |     2 ||     2
 Stab: Sleeping          |     1 |       |       ||     1
Armor: Robe              |     9 |    11 |     7 ||    27
Dodge: Dodged            |    30 |    29 |    69 ||   128

Table legend: (Time is in decaauts)
 A = Elapsed time spent in this place.
 B = Non-inter-level travel time spent in this place.
 C = Inter-level travel time spent in this place.
 D = Time resting spent in this place.
 E = Time spent auto-exploring this place.
 F = Levels seen in this place.
 G = Mean time per level.
                   A        B        C        D        E       F      G
               +--------+--------+--------+--------+--------+-----+--------+
         Total |   7161 |   6423 |    738 |   2663 |   2752 |   6 | 1193.5 |
       Dungeon |   7161 |   6423 |    738 |   2663 |   2752 |   6 | 1193.5 |
               +--------+--------+--------+--------+--------+-----+--------+

Top non-repeatable levels by time:
     D:5: 1780 daAuts
     D:1: 1537 daAuts
     D:3: 1427 daAuts
     D:4: 1249 daAuts
     D:2: 1087 daAuts
     D:6: 79 daAuts
